 Dungeon Crawl Stone Soup version 0.30-a0-715-gdb4ae3ece1 (webtiles) character file.

Game seed: 5072799574750967611

121277 wormed the Unseen (level 16, 0/150 HPs)
             Began as a Naga Fire Elementalist on Jan 24, 2023.
             Was a High Priest of Vehumet.
             Shot with an arrow by Vashnia (15 damage)
             ... on level 2 of the Snake Pit.
             The game lasted 01:11:29 (36923 turns).

wormed the Unseen (Naga Fire Elementalist)         Turns: 36923, Time: 01:11:30

Health: 0/150      AC: 18    Str: 10    XL:     16   Next: 84%
Magic:  5/32       EV:  7    Int: 38    God:    Vehumet [*****.]
Gold:   2312       SH:  4    Dex: 17    Spells: 18/39 levels left

rFire   . . .      SeeInvis +    w - +8 mithril axe "Arga" {speed, Will+}
rCold   + . .      Faith    .    j - +0 buckler
rNeg    . . .      Spirit   .    E - +1 robe {Archmagi}
rPois   +          Reflect  .    v - +0 helmet
rElec   .          Harm     .    O - +2 cloak of the Valley {Int+4}
rCorr   .          Rampage  .    M - +2 pair of gloves {Dex+3}
Will    +++..      Archmagi +    y - +0 barding {rC+}
Stlth   +++++++                  H - amulet of magic regeneration
HPRegen 0.45/turn                g - +6 ring of intelligence
MPRegen 0.63/turn                B - +6 ring of intelligence

@: lethally poisoned (0 -> -5), very slightly contaminated, very slow
A: AC +5, large, see invisible, deformed body, poison resistance, slowness 2,
spit poison 1, naga tail 2
a: Spit Poison, Renounce Religion


You were on level 2 of the Snake Pit.
You worshipped Vehumet.
Vehumet was extremely pleased with you.
You visited 5 branches of the dungeon, and saw 25 of its levels.

You collected 2866 gold pieces.
You spent 554 gold pieces at shops.

Inventory:

Hand Weapons
 w - the +8 mithril axe "Arga" (weapon) {speed, Will+}
   (You found it on level 1 of the Snake Pit)

   Will:      It increases your willpower.
Missiles
 z - 2 throwing nets (quivered)
Armour
 j - a +0 buckler (worn)
 v - a +0 helmet (worn)
 y - a +0 barding of cold resistance (worn)
 E - a +1 robe of the Archmagi (worn)
 M - a +2 pair of gloves of dexterity (worn)
 O - the +2 cloak of the Valley (worn) {Int+4}
   (You bought it in a shop on level 12 of the Dungeon)

   Int:       It affects your intelligence (+4).
Jewellery
 g - a +6 ring of intelligence (left hand)
 n - an amulet of guardian spirit
 o - a ring of resist corrosion
 q - a ring of magical power
 u - a ring of protection from fire
 B - a +6 ring of intelligence (right hand)
 C - the ring "Uxkirih" {rC+ Str+4 Dex+4}
   (You found it on level 7 of the Dungeon)

   [ring of protection from cold]

   Str:       It affects your strength (+4).
   Dex:       It affects your dexterity (+4).
   rC:        It protects you from cold.
 H - an amulet of magic regeneration (around neck)
 N - a ring of willpower
 Q - a ring of ice
Wands
 k - a wand of paralysis (37)
 r - a wand of iceblast (6)
 s - a wand of polymorph (10)
 J - a wand of acid (8)
 L - a wand of flame (17)
Scrolls
 b - 4 scrolls of enchant weapon
 d - 4 scrolls of fear
 f - 3 scrolls of poison
 G - 2 scrolls of fog
 I - 2 scrolls of brand weapon
 K - 2 scrolls of identify
 P - a scroll of magic mapping
Potions
 a - 8 potions of curing
 e - 7 potions of ambrosia
 h - 3 potions of berserk rage
 i - a potion of cancellation
 l - 8 potions of flight
 m - 7 potions of brilliance
 p - 2 potions of resistance
 t - 3 potions of mutation
 x - a potion of attraction
 D - 3 potions of haste
 F - 3 potions of lignification


   Skills:
 - Level 11.0 Fighting
 - Level 1.5 Dodging
 - Level 18.0 Stealth
 - Level 12.0 Spellcasting
 - Level 13.3 Conjurations
 - Level 12.2 Fire Magic
 - Level 12.2 Air Magic
 + Level 7.0 Earth Magic


You had 18 spell levels left.
You knew the following spells:

 Your Spells              Type           Power      Damage    Failure   Level
a - Iron Shot             Conj/Erth      50%        9d10      1%          6
b - Lightning Bolt        Conj/Air       55%        1d77      1%          5
c - Freezing Cloud        Conj/Ice/Air   46%        6-21      1%          5
d - Irradiate             Conj/Tmut      41%        3d25      1%          5

Your spell library contained the following spells:

 Spells                   Type           Power      Damage    Failure   Level
 Foxfire                  Conj/Fire      100%       2x1d9     0%          1
 Scorch                   Fire           100%       2d10      0%          2
 Apportation              Tloc           68%        N/A       1%          1
 Freeze                   Ice            100%       1d10      1%          1
 Necrotise                Necr           100%       1d9       1%          1
 Sandblast                Erth           100%       2d20      1%          1
 Slow                     Hex            100%       N/A       1%          1
 Sting                    Tmut/Pois      100%       1d8       1%          1
 Summon Small Mammal      Summ           100%       N/A       1%          1
 Passwall                 Tmut/Erth      54%        N/A       1%          2
 Poisonous Vapours        Pois/Air       100%       N/A       1%          2
 Frozen Ramparts          Ice            68%        1d11      1%          3
 Hailstorm                Conj/Ice       83%        3d17      1%          3
 Inner Flame              Hex/Fire       81%        N/A       1%          3
 Kindle Blastsparks       Fire/Tloc/Air  100%       2d18      1%          3
 Stone Arrow              Conj/Erth      100%       3d13      1%          3
 Swiftness                Air            100%       N/A       1%          3
 Flame Wave               Conj/Fire      100%       2d21      1%          4
 Arcjolt                  Conj/Air       55%        1d65      1%          5
 Ensorcelled Hibernation  Hex/Ice        68%        N/A       3%          2
 Animate Armour           Summ/Erth      100%       N/A       4%          4
 Leda's Liquefaction      Hex/Erth       32%        N/A       4%          4
 Olgreb's Toxic Radiance  Pois           34%        N/A       5%          4
 Call Canine Familiar     Summ           34%        N/A       6%          3
 Confusing Touch          Hex            34%        N/A       6%          3
 Portal Projectile        Hex/Tloc       68%        N/A       6%          3
 Vampiric Draining        Necr           34%        2d8       6%          3
 Summon Ice Beast         Ice/Summ       34%        N/A       21%         4
 Blade Hands              Tmut           17%        N/A       50%         5
 Summon Forest            Summ/Tloc      17%        N/A       50%         5
 Summon Mana Viper        Hex/Summ       34%        N/A       50%         5
 Death Channel            Necr           17%        N/A       97%         6
 Dispersal                Tloc           17%        N/A       97%         6
 Simulacrum               Ice/Necr       17%        N/A       97%         6
 Summon Cactus Giant      Summ           17%        N/A       97%         6
 Monstrous Menagerie      Summ           17%        N/A       100%        7
 Polar Vortex             Ice            17%        N/A       100%        9


Dungeon Overview and Level Annotations

Branches:
Dungeon (15/15)            Temple (1/1) D:5            Lair (5/5) D:9
  Swamp (0/4) Lair:2        Snake (2/4) Lair:2        Slime (0/5) Lair:5
    Orc (2/2) D:11            Elf (0/3) Orc:2        Vaults (0/5) D:13
 Depths (0/4) D:15

Altars:
Cheibriados
Dithmenos
Elyvilon
Fedhas
Gozag
Kikubaaqudgha
Nemelex Xobeh
Okawaru
Qazlal
Sif Muna
Trog
Uskayaw
Vehumet
Wu Jian
Zin
The Shining One
Jiyva

Shops:
D:1 (   D:12 *   Orc:2 [[([   Snake:1 (**

Annotations:
Snake:1 1 transporter
Snake:2 Vashnia


Innate Abilities, Weirdness & Mutations

Your serpentine skin is tough. (AC +5)
You have supernaturally acute eyesight. (SInv)
Armour fits poorly on your strangely shaped body.
Your system is resistant to poisons. (rPois)
You cover ground very slowly.
You can spit poison.
You can use your snake-like lower body to constrict enemies.


Message History

The naga sharpshooter magically shoots an arrow.
The arrow hits you!
The naga sharpshooter is engulfed in freezing vapours.
The naga sharpshooter mumbles some strange words.
The naga sharpshooter magically shoots an arrow.
The arrow barely misses you.
Vashnia shoots an arrow.
The arrow hits you!
Casting: Iron Shot (mildly dangerous; 1% risk of failure)
Confirm with . or Enter, or press ? or * to list all spells.
You don't have enough magic to cast this spell.
Throw: 4 throwing nets
Press: ? - help, Q - select action, (/) - cycle Shift-Dir - straight line, f/p - Vashnia
Aim: Vashnia, wielding a +0 longbow and wearing a +0 barding of fire resistance (moderately wounded, catching her breath, 43% to hit)
You throw a throwing net. The throwing net misses Vashnia.
The throwing net hits the naga sharpshooter.
The naga sharpshooter is caught in the net!
The naga sharpshooter is heavily wounded.
The naga sharpshooter struggles against the net.
The naga sharpshooter is engulfed in freezing vapours.
The naga sharpshooter spits poison at you.
The splash of poison misses you.
Vashnia shoots an arrow.
The arrow hits you!!
* * * LOW HITPOINT WARNING * * *
The naga sharpshooter spits poison at you.
The splash of poison hits you but does no damage.
You are poisoned.
You resist.
Throw: 3 throwing nets
Press: ? - help, Q - select action, (/) - cycle Shift-Dir - straight line, f/p - Vashnia
Aim: Vashnia, wielding a +0 longbow and wearing a +0 barding of fire resistance (moderately wounded, catching her breath, 43% to hit)
You throw a throwing net.
The throwing net closely misses Vashnia.
The throwing net hits the naga sharpshooter.
The naga sharpshooter is heavily wounded.
You feel sick.
The naga sharpshooter struggles against the net.
The naga sharpshooter shoots an arrow.
The arrow hits you!
* * * LOW HITPOINT WARNING * * *
The naga sharpshooter shoots an arrow.
The arrow hits you.
* * * LOW HITPOINT WARNING * * *
Vashnia shoots an arrow.
The arrow hits you!
You die...

,,,,,,,,,,,,**,..........##......
,,,,,,,,,,,,*#...........##......
**,,,,,,,,,,*#...........##......
***,,,,,,,,,*#....##.............
,**,,,,,,,,,*#....##.............
,**,,,,,,,,,*#....##.............
,**,,,,,,,,,*#§§§§##.............
,**,,,,,,...##§§§§##.............
,**,,,,,,.)†..§§@§##.............
,**,,,,,,.....§§§§§......##......
,**,,,,,,......§§§§......##......
,**,,,,,,....N§..........##......
,**,,,,,,§NNN......†.....##......
,,,,,,,,,§§N##...........##......
,,,,,,,,,.§§*######......#*######
,,,,,,,,,§§,,*****##.....#****###
,,,,,,,,,,,,,,,,,,*#.....#*,,....


You could see Vashnia (catching breath) and 4 naga sharpshooters.

Vanquished Creatures
  A sphinx (D:13)
  A storm dragon (D:13)
  An orc warlord (Orc:2)
  A stone giant (D:13)
  Azrael (D:12)
  A fire dragon (Lair:5)
  An ettin (D:13)
  Josephine (D:13)
  A rakshasa (D:15)
  Harold (Lair:2)
  8 vault guards (D:13)
  3 hydras
  4 boulder beetles
  2 catoblepae (D:13)
  An alligator (Lair:5)
  An anaconda (Snake:2)
  4 naga warriors (Snake:2)
  A two-headed ogre (D:11)
  6 death yaks
  8 centaur warriors
  Urug (Lair:5)
  3 tengu warriors (D:13)
  3 orc high priests (Orc:2)
  A naga sharpshooter (Snake:1)
  Lodul (D:13)
  8 skeletal warriors
  4 orc knights (Orc:2)
  2 swamp dragons
  A flayed ghost (D:13)
  3 naga ritualists
  A wolf spider zombie (D:15)
  A wizard (D:15)
  A necromancer (D:15)
  2 mana vipers
  3 deep elf pyromancers
  2 wolf spiders
  10 ugly things
  2 deep elf zephyrmancers
  3 salamanders (Snake:2)
  An oklob plant (Lair:4)
  5 orc sorcerers
  3 manticores
  7 cyclopes
  2 guardian serpents (Snake:2)
  4 naga magi
  9 elephants
  A centaur zombie (D:15)
  Maurice (D:12)
  2 centaur skeletons (D:15)
  2 gargoyles
  17 black mambas
  7 rime drakes
  A kobold demonologist (D:7)
  3 unseen horrors
  12 cane toads
  5 komodo dragons
  Psyche (D:8)
  An efreet (D:15)
  A yaktaur (D:13)
  A freezing wraith (D:14)
  5 tengu conjurers
  6 trolls
  A queen bee (D:10)
  10 polar bears
  A hornet (D:11)
  4 meliai
  15 blink frogs
  A raiju (Lair:5)
  5 dream sheep (Lair:3)
  A jumping spider (shapeshifter) (D:13)
  2 centaur simulacra
  4 shadows
  14 slime creatures
  40 yaks
  9 wraiths
  2 wyverns
  Grum (D:9)
  2 fire elementals (D:12)
  4 steam dragons
  Menkaure (D:7)
  3 vampire mosquitoes (D:13)
  9 nagas
  2 acid dragons
  13 wargs
  18 water moccasins
  16 hell hounds
  2 swamp drakes (Lair:5)
  3 ice beasts
  3 sky beasts
  13 black bears
  20 orc warriors
  11 centaurs
  12 ogres
  27 wolves
  4 kobold brigands
  4 necrophages
  4 scorpions
  7 bullfrogs
  4 wights (D:7)
  32 killer bees
  3 howler monkeys
  4 electric eels
  2 hounds
  3 jellies
  15 orc priests
  Terence (D:2)
  A gnoll bouda (D:8)
  8 iguanas
  5 hell rats (Lair:4)
  26 orc wizards
  15 gnolls
  An adder (D:6)
  A shadow imp (D:8)
  2 white imps
  3 worms
  2 dart slugs
  56 orcs
  13 endoplasms
  4 giant cockroaches
  6 goblins
  7 hobgoblins
  16 kobolds
  2 quokkas
  7 ball pythons
  2 bats
  5 frilled lizards
  5 rats
736 creatures vanquished.

Vanquished Creatures (collateral kills)
  3 foxfires
3 creatures vanquished.

Vanquished Creatures (others)
  656 foxfires
  43 fungi
  94 plants
793 creatures vanquished.

Grand Total: 1532 creatures vanquished

Notes
Turn   | Place    | Note
-------+----------+-------------------------------------------
     0 | D:1      | wormed the Naga Fire Elementalist began the quest for the
                  | Orb.
     0 | D:1      | Reached XP level 1. HP: 15/15 MP: 3/3
   208 | D:1      | Reached XP level 2. HP: 24/24 MP: 0/5
   344 | D:1      | Learned a level 2 spell: Scorch
   433 | D:1      | Found Jiasas's Weapon Shop.
   451 | D:1      | Found a faded altar of an unknown god.
   925 | D:2      | Noticed a necrophage
   935 | D:2      | Killed a necrophage
   936 | D:2      | Reached skill level 1 in Fighting
   936 | D:2      | Reached skill level 4 in Stealth
   936 | D:2      | Reached XP level 3. HP: 6/31 MP: 1/6
   936 | D:2      | Reached XP level 4. HP: 7/38 MP: 1/7
  1143 | D:2      | Noticed Terence
  1754 | D:2      | Got Sif Muna's Elucidation of Rotting Pyromancy
  2564 | D:2      | Killed Terence
  2565 | D:2      | Reached XP level 5. HP: 36/45 MP: 1/9
  2666 | D:2      | Learned a level 3 spell: Inner Flame
  3619 | D:4      | Reached skill level 5 in Stealth
  3619 | D:4      | Reached XP level 6. HP: 53/55 MP: 5/10
  4520 | D:5      | Entered Level 5 of the Dungeon
  4719 | D:5      | Reached XP level 7. HP: 54/62 MP: 5/12
  4821 | D:5      | Reached skill level 6 in Stealth
  5073 | D:5      | Found a staircase to the Ecumenical Temple.
  5180 | Temple   | Entered the Ecumenical Temple
  5290 | Temple   | Became a worshipper of Vehumet
  5462 | D:6      | Reached XP level 8. HP: 72/72 MP: 6/14
  5676 | D:6      | Reached skill level 5 in Fire Magic
  5936 | D:6      | Found a bloodstained altar of Trog.
  5936 | D:6      | Found an opulent altar of Gozag.
  5948 | D:6      | Reached skill level 7 in Stealth
  6176 | D:7      | Identified the +0 leather armour of Tehuigec {rF+ Slay+2}
  6276 | D:7      | Noticed a shadow
  6278 | D:7      | Noticed a wraith
  6560 | D:7      | Reached skill level 8 in Stealth
  6767 | D:7      | Killed a wraith
  6768 | D:7      | Reached XP level 9. HP: 80/80 MP: 7/16
  6777 | D:7      | Noticed Menkaure
  6781 | D:7      | Killed Menkaure
  6782 | D:7      | Reached skill level 5 in Fighting
  6782 | D:7      | Reached skill level 5 in Spellcasting
  6782 | D:7      | Reached skill level 5 in Conjurations
  7070 | D:7      | Reached * piety under Vehumet
  7070 | D:7      | Offered knowledge of Shock by Vehumet.
  7071 | D:7      | Reached skill level 9 in Stealth
  7332 | D:7      | Noticed an unseen horror
  7347 | D:7      | Killed an unseen horror
  7570 | D:7      | Identified the ring "Cicaj" {rPois rF+ Str-5 Int+5 Stlth+}
  7824 | D:7      | Noticed a troll
  7829 | D:7      | Killed a troll
  7830 | D:7      | Reached skill level 10 in Stealth
  7830 | D:7      | Reached XP level 10. HP: 78/91 MP: 0/18
  7831 | D:7      | Noticed a kobold demonologist
  7938 | D:7      | Killed a kobold demonologist
  8044 | D:7      | Identified the ring "Uxkirih" {rC+ Str+4 Dex+4}
  8840 | D:8      | Noticed Psyche
  8842 | D:8      | Killed Psyche
 10184 | D:8      | Reached skill level 11 in Stealth
 10722 | D:9      | Offered knowledge of Static Discharge by Vehumet.
 10724 | D:9      | Reached ** piety under Vehumet
 10957 | D:9      | Reached XP level 11. HP: 86/100 MP: 13/21
 11273 | D:9      | Found a staircase to the Lair.
 11457 | D:9      | Noticed Grum
 11466 | D:9      | Killed Grum
 11467 | D:9      | Reached skill level 12 in Stealth
 11703 | D:9      | Offered knowledge of Searing Ray by Vehumet.
 12407 | D:10     | Entered Level 10 of the Dungeon
 12901 | D:10     | Reached *** piety under Vehumet
 13902 | D:11     | Found a staircase to the Orcish Mines.
 13903 | D:11     | Noticed a boulder beetle
 13922 | D:11     | Killed a boulder beetle
 14076 | D:11     | Offered knowledge of Sticky Flame by Vehumet.
 14174 | D:11     | Reached skill level 13 in Stealth
 14287 | D:11     | Noticed a cyclops
 14297 | D:11     | Killed a cyclops
 14570 | D:11     | Noticed a two-headed ogre
 14580 | D:11     | Killed a two-headed ogre
 14581 | D:11     | Reached XP level 12. HP: 112/112 MP: 24/24
 14654 | D:11     | Identified the +6 chain mail of Imperfection {Str+4 Int+2}
 15030 | Lair:1   | Entered Level 1 of the Lair of Beasts
 15438 | Lair:1   | Noticed a death yak
 15442 | Lair:1   | Noticed a death yak
 15539 | Lair:1   | Reached skill level 14 in Stealth
 15775 | Lair:1   | Noticed a death yak
 15800 | Lair:1   | Noticed a death yak
 15808 | Lair:1   | Noticed a death yak
 15809 | Lair:1   | Noticed a death yak
 15810 | Lair:1   | Killed a death yak
 15828 | D:9      | HP: 2/114 [death yak (21)]
 16154 | D:9      | Killed a death yak
 16154 | D:9      | Killed a death yak
 16952 | Lair:2   | Found a staircase to the Snake Pit.
 17001 | Lair:2   | Reached **** piety under Vehumet
 17298 | Lair:2   | Reached skill level 10 in Fire Magic
 17581 | Lair:2   | Noticed Harold
 17586 | Lair:2   | Killed Harold
 17994 | Lair:2   | Gained mutation: You can use your snake-like lower body to
                  | constrict enemies. [Naga growth]
 17994 | Lair:2   | Reached XP level 13. HP: 121/122 MP: 23/26
 18011 | Lair:2   | Reached skill level 15 in Stealth
 18070 | Lair:2   | Found a staircase to the Swamp.
 18951 | Lair:3   | Reached skill level 10 in Conjurations
 18952 | Lair:3   | Reached skill level 10 in Fighting
 19221 | Lair:3   | Offered knowledge of Lee's Rapid Deconstruction by Vehumet.
 20315 | Lair:4   | Found a shimmering blue altar of Sif Muna.
 20718 | Lair:4   | Reached skill level 16 in Stealth
 21759 | Lair:5   | Entered Level 5 of the Lair of Beasts
 22274 | Lair:5   | Learned a level 5 spell: Freezing Cloud
 22326 | Lair:5   | Noticed Urug
 22332 | Lair:5   | Killed Urug
 22333 | Lair:5   | Reached skill level 10 in Spellcasting
 22451 | Lair:5   | Reached skill level 1 in Air Magic
 22588 | Lair:5   | Reached ***** piety under Vehumet
 22594 | Lair:5   | Offered knowledge of Iskenderun's Battlesphere by Vehumet.
 22640 | Lair:5   | Found a viscous altar of Jiyva.
 22640 | Lair:5   | Found a staircase to the Slime Pits.
 22662 | Lair:5   | Reached XP level 14. HP: 133/133 MP: 20/28
 23237 | Lair:5   | Reached skill level 17 in Stealth
 24695 | Lair:1   | Reached skill level 5 in Air Magic
 24705 | Lair:1   | Reached skill level 18 in Stealth
 24871 | Orc:1    | Entered Level 1 of the Orcish Mines
 25036 | Orc:1    | You fall into a shaft and drop 1 floor!
 25036 | Orc:2    | Entered Level 2 of the Orcish Mines
 25045 | Orc:2    | Found a staircase to the Elven Halls.
 25256 | Orc:2    | Offered knowledge of Irradiate by Vehumet.
 25263 | Orc:2    | Learned a level 5 spell: Irradiate
 25435 | Orc:2    | Noticed an orc warlord
 25445 | Orc:2    | Killed an orc warlord
 26981 | Orc:2    | Found Dugeg's Antique Armour Boutique.
 26981 | Orc:2    | Found Xumnaphe's Armour Shoppe.
 26983 | Orc:2    | Found Bonikuj's Weapon Boutique.
 26983 | Orc:2    | Found Feamee's Armour Shoppe.
 26995 | Orc:2    | Bought a +2 pair of gloves of dexterity for 279 gold pieces
 27199 | D:12     | Found Veala's Assorted Antiques.
 27241 | D:12     | Bought an ichor-stained cloak for 275 gold pieces
 27241 | D:12     | Identified the +2 cloak of the Valley {Int+4} (You bought
                  | it in a shop on level 12 of the Dungeon)
 27269 | D:12     | Noticed Azrael
 27276 | D:12     | Killed Azrael
 27277 | D:12     | Reached XP level 15. HP: 75/141 MP: 28/30
 27479 | D:12     | Noticed Maurice
 27483 | D:12     | Killed Maurice
 28152 | D:13     | Found a gate to the Vaults.
 28355 | D:13     | Reached skill level 10 in Air Magic
 28647 | D:13     | Noticed Lodul
 29447 | D:13     | Killed Lodul
 29603 | D:13     | Offered knowledge of Arcjolt by Vehumet.
 29611 | D:13     | Learned a level 5 spell: Arcjolt
 30281 | D:13     | Noticed a sphinx
 30281 | D:13     | Noticed Josephine
 32443 | D:14     | Identified a scroll of acquirement
 32444 | D:14     | Acquired a +0 barding of cold resistance
 32458 | D:15     | Entered Level 15 of the Dungeon
 32839 | D:15     | Reached XP level 16. HP: 125/150 MP: 19/31
 33652 | D:15     | Found a radiant altar of Vehumet.
 34098 | D:15     | Found a staircase to the Depths.
 34368 | D:13     | Paralysed by a sphinx for 2 turns
 34371 | D:13     | Killed a sphinx
 34475 | D:13     | Identified the +9 plate armour of the Game Afoot {Slay+3}
 34480 | D:13     | Noticed a storm dragon
 34666 | D:13     | Killed Josephine
 34918 | D:13     | Offered knowledge of Lightning Bolt by Vehumet.
 34961 | D:13     | Learned a level 5 spell: Lightning Bolt
 35209 | D:13     | Got Ehuecsi's Cyclopedia of Conjured Transposition
 35222 | D:13     | Learned a level 6 spell: Iron Shot
 35278 | D:13     | Killed a storm dragon
 35279 | D:13     | Reached skill level 1 in Earth Magic
 35588 | Snake:1  | Entered Level 1 of the Snake Pit
 35588 | Snake:1  | Found Pikud's Assorted Antiques.
 35627 | Snake:1  | Noticed a nagaraja
 35835 | Snake:1  | Found the +8 mithril axe "Arga" {speed, Will+}
 35993 | Snake:1  | Found Qahanaem's Assorted Antiques.
 35993 | Snake:1  | Found Uchimir's Weapon Shop.
 36017 | Snake:1  | Found a transporter.
 36019 | Snake:1  | Found a shimmering blue altar of Sif Muna.
 36023 | Snake:1  | Noticed a nagaraja
 36091 | Snake:1  | Identified the ring of Serendipity {rPois rCorr Str+2 SInv}
 36393 | Snake:1  | Noticed a nagaraja
 36584 | Snake:2  | Reached skill level 5 in Earth Magic
 36910 | Snake:2  | Noticed Vashnia
 36923 | Snake:2  | Shot with an arrow by Vashnia

Illustrated notes

Levels and vault maps discovered:
D:1:      minmay_arrival_diagonal_passages, layout_basic, serial_shops,
          nicolae_shop_bloodbath_and_beyond, ebering_ecumenical_altar_abandoned,
          hangedman_decor_lopped
D:2:      layout_basic, uniq_terence
D:3:      layout_rooms, serial_bayou_ford_a, kennysheep_generic_room_11
D:4:      layout_loops_ring, nrook_mini_backslash
D:5:      layout_cave_pools, temple_statues, grunt_decor_fettered
D:6:      layout_rooms, gammafunk_temple_overflow_elements
D:7:      minmay_the_grid_four_pointed_star
          [minmay_the_grid_triangle_9x9_zippers_horizontal,
          minmay_the_grid_triangle_9x9_descending_squares,
          minmay_the_grid_triangle_9x9_pentomino_pain,
          minmay_the_grid_triangle_9x9_stretched_checkered,
          minmay_the_grid_prize_four_corners_diamond_a], layout_layer_cave,
          roderic_lattice_a, uniq_menkaure
D:8:      layout_layer_cave, uniq_psyche
D:9:      layout_cave_pods, erik_lair_orcish_takeover, uniq_grum
D:10:     layout_irregular_city, enter_bailey_7, serial_bayou_pond_c,
          minivault_7
D:11:     layout_loops_corners, orc_0_dummy
D:12:     layout_basic, serial_shops, nicolae_lakefront_shop, uniq_maurice,
          uniq_azrael
D:13:     lemuel_traditional_vault, layout_rooms, erik_vaults_2, uniq_josephine,
          uniq_lodul
D:14:     layout_roguey, infiniplex_staircase_pillars_1, minmay_misc_feat_chi
D:15:     grunt_enter_depths_magical_seal, layout_basic, old_standard_altar
Temple:   nicolae_temple_bog_church
Lair:1:   layout_cave_pods, infiniplex_staircase_pool
Lair:2:   layout_layer_cave, minmay_swamp_entry_reptiles,
          minmay_snake_entry_guardpost_small, gammafunk_lair_bear_cave,
          grunt_megastairs_5, infiniplex_staircase_pool_2, uniq_harold
Lair:3:   layout_gridlike, portal_ice_cave_entry_pillars_1, serial_bayou_shore_a
Lair:4:   layout_roguey, basic_altar, gauntlet_entry_generic
Lair:5:   guppyfry_lair_end_dragon, layout_loops_ring,
          hangedman_lair_caniforms_friends, nicolae_slime_entry_slimehenge,
          serial_bayou_shore_b, uniq_urug
Snake:1:  gammafunk_sealed_library, layout_grid_maze, serial_shops, shop,
          lemuel_fruit_tree, minmay_shoptagon, grunt_megastairs_3,
          serial_bayou_shore_b
Snake:2:  layout_grid_maze, uniq_vashnia
Orc:1:    layout_caves
Orc:2:    grunt_orc_tribal_feast, layout_caves

Skill      XL: |  1  2  3  4  5  6  7  8  9 10 11 12 13 14 15 16 |
---------------+-------------------------------------------------+-----
Fighting       | 1 2 3 4 6 7 8 9 10 11 | 11.0
Stealth        | 4 5 6 8 10 11 13 14 16 18 | 18.0
Conjurations   | 2 3 4 6 7 8 9 10 11 12 13 | 13.3
Spellcasting   | 3 4 5 7 8 9 10 11 12 | 12.0
Fire Magic     | 4 5 7 8 9 10 11 12 | 12.2
Air Magic      | 2 9 11 12 | 12.2
Earth Magic    | 7 |  7.0
Dodging        | |  1.5

Action                     |  1- 3 |  4- 6 |  7- 9 | 10-12 | 13-15 | 16-18 || total
---------------------------+-------+-------+-------+-------+-------+-------++-------
  Melee: Dagger            |    15 |    19 |    28 |    25 |    19 |     3 ||   109
         Constrict         |       |       |       |       |     4 |       ||     4
  Throw: Throwing net      |       |       |       |       |     1 |     2 ||     3
   Cast: Foxfire           |    14 |     9 |    68 |   183 |   113 |       ||   387
         Scorch            |    10 |    79 |    45 |   109 |   240 |     3 ||   486
         Inner Flame       |       |       |    22 |   148 |   109 |       ||   279
         Freezing Cloud    |       |       |       |       |   215 |    43 ||   258
         Irradiate         |       |       |       |       |    43 |    12 ||    55
         Arcjolt           |       |       |       |       |    10 |    37 ||    47
         Lightning Bolt    |       |       |       |       |       |    37 ||    37
         Iron Shot         |       |       |       |       |       |    19 ||    19
  Evoke: Wand              |       |       |     2 |     3 |     2 |       ||     7
    Use: Scroll            |     3 |     6 |     8 |     6 |    17 |     9 ||    49
         Potion            |     1 |     2 |     1 |     1 |     1 |     4 ||    10
   Stab: Sleeping          |     1 |       |       |       |       |       ||     1
 Armour: Robe              |     7 |    17 |       |    62 |   132 |    50 ||   268
         Leather armour    |       |     7 |    26 |     8 |       |       ||    41
  Dodge: Dodged            |    10 |    54 |    34 |    86 |    98 |    29 ||   311
  Block: Buckler           |       |       |    10 |    23 |    39 |    10 ||    82

Table legend: (Time is in decaauts)
 A = Elapsed time spent in this place.
 B = Non-inter-level travel time spent in this place.
 C = Inter-level travel time spent in this place.
 D = Time resting spent in this place.
 E = Time spent auto-exploring this place.
 F = Levels seen in this place.
 G = Mean time per level.
                   A        B        C        D        E       F      G
               +--------+--------+--------+--------+--------+-----+--------+
         Total |  44178 |  41576 |   2602 |   1643 |  33877 |  25 | 1767.1 |
       Dungeon |  28721 |  26931 |   1790 |    614 |  22517 |  15 | 1914.7 |
        Temple |    125 |    116 |      9 |      0 |    103 |   1 |  125.0 |
          Lair |  11253 |  10737 |    516 |    502 |   8603 |   5 | 2250.6 |
     Snake Pit |   1681 |   1454 |    227 |      0 |   1255 |   2 |  840.5 |
  Orcish Mines |   2396 |   2338 |     58 |    527 |   1396 |   2 | 1198.0 |
               +--------+--------+--------+--------+--------+-----+--------+

Top non-repeatable levels by time:
    D:13: 3883 daAuts
     D:9: 3117 daAuts
  Lair:5: 2934 daAuts
     D:7: 2719 daAuts
  Lair:2: 2359 daAuts
  Lair:4: 2231 daAuts
     D:8: 2145 daAuts
     D:2: 1999 daAuts
    D:15: 1977 daAuts
  Lair:1: 1972 daAuts
    D:14: 1964 daAuts
    D:12: 1924 daAuts
   Orc:2: 1804 daAuts
  Lair:3: 1755 daAuts
    D:10: 1674 daAuts
